 Dungeon Crawl Stone Soup version 0.29-a0-414-g5075937 (webtiles) character file.

Game seed: 17340144122290084838

4 Geeful the Insei (level 1, 0/13 HPs)
             Began as an Octopode Transmuter on May 15, 2022.
             Killed from afar by a dart slug (4 damage)
             ... with a slug dart
             ... on level 1 of the Dungeon.
             The game lasted 00:00:21 (162 turns).

Geeful the Insei (Octopode Transmuter)               Turns: 162, Time: 00:00:23

Health: 0/13       AC:  1    Str:  9    XL:     1   Next: 60%
Magic:  2/3        EV: 13    Int: 15    God:
Gold:   27         SH:  0    Dex: 12    Spells: 3/4 levels left

rFire   . . .      SeeInvis .     - Unarmed
rCold   . . .      Faith    .   (no shield)
rNeg    . . .      Spirit   .   (helmet currently unavailable)
rPois   .          Reflect  .   (no amulet)
rElec   .          Harm     .   (no ring)
rCorr   .          Rampage  .   (no ring)
Will    .....                   (no ring)
Stlth   ++........              (no ring)
HPRegen 0.04/turn               (no ring)
MPRegen 0.08/turn               (no ring)
                                (no ring)
                                (no ring)

@: appendages
A: tentacle spike 3, almost no armour, amphibious, 8 rings, camouflage 1,
gelatinous body 1, (nimble swimmer 1), tentacles
a: End Transformation


You were on level 1 of the Dungeon.
One of your tentacles had grown a beastly spike.
You visited 1 branch of the dungeon, and saw 1 of its levels.

You collected 27 gold pieces.

Inventory:

Scrolls
 b - a scroll of acquirement {unknown}
Potions
 a - a potion of lignification


   Skills:
 + Level 1.1 Fighting
 + Level 2.0 Dodging
 + Level 3.0 Unarmed Combat
 + Level 2.0 Spellcasting
 + Level 2.0 Transmutations


You had 3 spell levels left.
You knew the following spells:

 Your Spells              Type           Power      Damage    Failure   Level
a - Beastly Appendage     Tmut           14%        N/A       10%         1

Your spell library contained the following spells:

 Spells                   Type           Power      Damage    Failure   Level
 Wereblood                Tmut           7%         N/A       14%         2
 Spider Form              Tmut/Pois      4%         N/A       41%         3
 Ice Form                 Ice/Tmut       4%         N/A       82%         4


Dungeon Overview and Level Annotations

Branches:
Dungeon (1/15)

Altars:


Innate Abilities, Weirdness & Mutations

One of your tentacles has grown a beastly spike.
You cannot wear most types of armour.
You are amphibious.
You can wear up to eight rings at the same time.
Your skin changes colour to match your surroundings (Stealth+).
Your rubbery body absorbs attacks. (AC +1, EV +1)
((You are camouflaged when in or above water. (Stealth+)))
You have tentacles for arms and can constrict up to eight enemies at once.


Message History

No target in view!
Your transformation is almost over.
Magic restored.
Your tentacle spike disappears.
HP restored.
You now have 19 gold pieces.
b - a scroll labelled PUECZI PAGHUMN
Found 21 stones.
You now have 27 gold pieces (gained 8).
A giant cockroach comes into view.
The helpless giant cockroach fails to defend itself.
You tentacle-slap the giant cockroach but do no damage.
Your grab misses the giant cockroach. The giant cockroach barely misses you.
You tentacle-slap the giant cockroach.
You kill the giant cockroach!
No target in view!
You see here a giant cockroach corpse.
An endoplasm comes into view.
A dart slug comes into view.
Casting: Beastly Appendage (safe; 10% risk of failure)
Confirm with . or Enter, or press ? or * to list all spells.
One of your tentacles grows a vicious spike.
The dart slug launches a dart at you. The slug dart hits you.
The helpless endoplasm fails to defend itself.
You tentacle-slap the endoplasm.
The endoplasm is lightly wounded.
The endoplasm freezes you.
You are frozen.
You are too injured to fight recklessly!
You are too injured to fight recklessly!
You are too injured to fight recklessly!
You tentacle-slap the endoplasm.
You pierce the endoplasm, but do no damage.
The endoplasm is moderately wounded.
The endoplasm freezes you.
You are frozen.
The dart slug launches a dart at you. The slug dart hits you.
You die...

#.(...##.##.#
......##.##.# #.. ..
###.####.##.# #.# .. #
#.# #.##.# #.# . # #.#
#.##.# #.#.# #
#.####.##.###.#.#
###.....†.........#
.........####.#.###.##.#
########## #...@.......
#....J...##. #........#
#........# #...w......
#.#.....###. #.......#
##.######


You could see a dart slug and an endoplasm.

Vanquished Creatures
  A dart slug (D:1)
  A giant cockroach (D:1)
2 creatures vanquished.

Notes
Turn   | Place    | Note
-------+----------+-------------------------------------------
     0 | D:1      | Geeful the Octopode Transmuter began the quest for the Orb.
     0 | D:1      | Reached XP level 1. HP: 13/13 MP: 3/3
   162 | D:1      | Killed from afar by a dart slug

Illustrated notes

Levels and vault maps discovered:
D:1:      amcnicky_arrival_underground_garden, layout_loops_ring, serial_shops,
          nicolae_shop_behind_doors, minmay_misc_feat_cross

Action                   || total
-------------------------++-------
Melee: Unarmed           ||     5
       Constrict         ||     1
       Kick              ||     1
       Tentacles         ||     1
 Cast: Beastly Appendage ||     2
 Stab: Sleeping          ||     2
Dodge: Dodged            ||     1

Table legend: (Time is in decaauts)
 A = Elapsed time spent in this place.
 B = Non-inter-level travel time spent in this place.
 C = Inter-level travel time spent in this place.
 D = Time resting spent in this place.
 E = Time spent auto-exploring this place.
 F = Levels seen in this place.
 G = Mean time per level.
                   A        B        C        D        E       F      G
               +--------+--------+--------+--------+--------+-----+--------+
         Total |    161 |    161 |      0 |      0 |    136 |   1 |  161.0 |
       Dungeon |    161 |    161 |      0 |      0 |    136 |   1 |  161.0 |
               +--------+--------+--------+--------+--------+-----+--------+

Top non-repeatable levels by time:
     D:1: 161 daAuts
